 Dungeon Crawl Stone Soup version 0.29-a0-271-gd4eb659eea (webtiles) character file.

Game seed: 9350952971378408496

4617 FlurksSlurper the Geomancer (level 10, -22/80 HPs)
             Began as a Deep Dwarf Earth Elementalist on Mar 8, 2022.
             Was an Initiate of Makhleb.
             Annihilated by a two-headed ogre
             ... wielding a +0 giant club
              (25 damage)
             ... on level 9 of the Dungeon.
             The game lasted 00:28:04 (7443 turns).

FlurksSlurper the Geomancer (DDEE)                  Turns: 7443, Time: 00:28:05

Health: -22/80     AC: 12    Str: 12    XL:     10   Next: 19%
Magic:  17/17      EV: 18    Int: 18    God:    Makhleb [......]
Gold:   1116       SH:  0    Dex: 14    Spells: 21/22 levels left

rFire   . . .      SeeInvis .   a - +3 hand axe (venom)
rCold   . . .      Faith    .   (no shield)
rNeg    + . .      Spirit   .   k - +0 scale mail
rPois   +          Reflect  .   (no helmet)
rElec   .          Harm     .   i - +2 ratskin cloak {*Rats rPois rN+ Str-1 Int-1 Dex+1}
rCorr   .          Rampage  .   D - +0 pair of gloves
Will    +....                   (no boots)
Stlth   +.........              A - amulet of magic regeneration
HPRegen 0.00/turn               v - +4 ring of evasion
MPRegen 0.55/turn               b - ring "Ticei" {+Blink Fly EV+4}

@: flying
A: damage resistance, heal wounds, sense surroundings 2, no regeneration
a: Heal Wounds, Renounce Religion, Evoke Blink


You were on level 9 of the Dungeon.
You worshipped Makhleb.
Makhleb was noncommittal.
You visited 2 branches of the dungeon, and saw 10 of its levels.
You also visited: Bailey.

You collected 1116 gold pieces.

Inventory:

Hand Weapons
 a - a +3 hand axe of venom (weapon)
 c - a +0 hand axe of flaming
 f - a +3 flail of protection
 p - a +2 dagger of flaming
 r - the +4 dagger "Morg" {pain, Will+ Int+5}
   (You found it on level 3 of the Dungeon)

   In the hands of one skilled in necromantic magic, it inflicts extra damage on
   living creatures.
   Int:       It affects your intelligence (+5).
   Will:      It increases your willpower.
 B - a +0 dagger of venom
Missiles
 l - 45 poisoned darts
 m - 13 curare-tipped darts
 y - 3 boomerangs of dispersal
 C - 17 boomerangs
 I - 104 stones
 J - 8 atropa-tipped darts
Armour
 i - the +2 ratskin cloak (worn) {*Rats rPois rN+ Str-1 Int-1 Dex+1}
   (You found it on level 8 of the Dungeon)

   When the wearer is hurt, rats may emerge from it to assist them.
   Str:       It affects your strength (-1).
   Int:       It affects your intelligence (-1).
   Dex:       It affects your dexterity (+1).
   rPois:     It protects you from poison.
   rN:        It protects you from negative energy.
 k - a +0 scale mail (worn)
 D - a +0 pair of gloves (worn)
Magical Staves
 e - a staff of fire
Jewellery
 b - the ring "Ticei" (right hand) {+Blink Fly EV+4}
   (You found it on level 6 of the Dungeon)

   [ring of evasion]

   EV:        It affects your evasion (+4).
   Fly:       It grants you flight.
   +Blink:    It lets you blink.
 v - a +4 ring of evasion (left hand)
 x - a ring of ice
 z - an amulet of the acrobat
 A - an amulet of magic regeneration (around neck)
Wands
 H - a wand of iceblast (5)
Scrolls
 g - 3 scrolls of fog
 h - 5 scrolls of teleportation
 n - 7 scrolls of identify
 o - a scroll of fear
 s - a scroll of enchant weapon
 t - 2 scrolls of immolation
 u - a scroll of amnesia
 E - a scroll of silence {unknown}
 F - a scroll of torment {unknown}
 G - a scroll of vulnerability {unknown}
Potions
 d - a potion of haste {unknown}
 j - 2 potions of cancellation
 q - a potion of lignification
 w - 2 potions of attraction


   Skills:
 + Level 2.2 Fighting
 + Level 2.2 Short Blades
 + Level 0.9(1.2) Axes
 + Level 1.0(1.2) Polearms
 + Level 1.6 Throwing
 + Level 5.6 Armour
 + Level 3.5 Dodging
 + Level 4.3 Stealth
 + Level 6.5 Spellcasting
 * Level 7.0 Necromancy
 + Level 0.8 Transmutations
 + Level 10.2 Earth Magic
 + Level 2.3 Evocations


You had 21 spell levels left.
You knew the following spells:

 Your Spells              Type           Power      Damage    Failure   Level
a - Sandblast             Erth           84%        2d18      1%          1

Your spell library contained the following spells:

 Spells                   Type           Power      Damage    Failure   Level
 Passwall                 Tmut/Erth      20%        N/A       8%          2
 Stone Arrow              Conj/Erth      48%        3d10      19%         3
 Petrify                  Tmut/Erth      25%        N/A       45%         4
 Ignite Poison            Fire/Tmut/Pois 6%         N/A       80%         3
 Gell's Gravitas          Tloc           5%         N/A       83%         3
 Mephitic Cloud           Conj/Pois/Air  5%         N/A       83%         3
 Teleport Other           Tloc           5%         N/A       83%         3
 Freezing Cloud           Conj/Ice/Air   2%         6-21      100%        5
 Dispersal                Tloc           2%         N/A       100%        6


Dungeon Overview and Level Annotations

Branches:
Dungeon (9/15)             Temple (1/1) D:7          Bailey (visited)
   Lair: D:8-11         Orc: D:9-12

Altars:
Ashenzari
Cheibriados
Dithmenos
Elyvilon
Gozag
Hepliaklqana
Kikubaaqudgha
Nemelex Xobeh
Okawaru
Qazlal
Ru
Sif Muna
Trog
Uskayaw
Vehumet
Wu Jian
Yredelemnul
Zin
The Shining One


Innate Abilities, Weirdness & Mutations

You are resistant to damage.
You can heal yourself by infusing magical energy.
You passively map the area around you.
You do not regenerate.


Message History

Aim: a two-headed ogre, wielding two +0 giant clubs (74% to hit)
You throw a poisoned dart.
The poisoned dart hits the two-headed ogre.
The two-headed ogre is poisoned.
Throw: 49 darts (poison)
Press: ? - help, Shift-Dir - straight line, f/p - two-headed ogre
Aim: a two-headed ogre, wielding two +0 giant clubs (poisoned, 74% to hit)
You throw a poisoned dart.
The poisoned dart barely misses the two-headed ogre.
Throw: 48 darts (poison)
Press: ? - help, Shift-Dir - straight line, f/p - two-headed ogre
Aim: a two-headed ogre, wielding two +0 giant clubs (poisoned, 74% to hit)
You throw a poisoned dart.
The poisoned dart hits the two-headed ogre.
The two-headed ogre looks even sicker.
Throw: 47 darts (poison)
Press: ? - help, Shift-Dir - straight line, f/p - two-headed ogre
Aim: a two-headed ogre, wielding two +0 giant clubs (lightly wounded, very poisoned, 74% to hit)
You throw a poisoned dart.
The poisoned dart hits the two-headed ogre.
The two-headed ogre looks even sicker.
The two-headed ogre is lightly wounded.
Throw: 46 darts (poison)
Press: ? - help, Shift-Dir - straight line, f/p - two-headed ogre
Aim: a two-headed ogre, wielding two +0 giant clubs (lightly wounded, very poisoned, 74% to hit)
You throw a poisoned dart.
The poisoned dart hits the two-headed ogre.
The two-headed ogre is lightly wounded.
Casting: Sandblast (safe; 1% risk of failure)
Confirm with . or Enter, or press ? or * to list all spells.
Aiming: Sandblast (safe; 1% risk of failure)
Press: ? - help, Shift-Dir - straight line, f/p - two-headed ogre
Aim: a two-headed ogre, wielding two +0 giant clubs (lightly wounded, very poisoned, 92% to hit)
The blast of sand misses the two-headed ogre.
Unknown command.
The two-headed ogre attacks as you move away!
The two-headed ogre hits you with a +0 giant club!!
* * * LOW HITPOINT WARNING * * *
The two-headed ogre hits you with a +0 giant club!!
You die...

* #.........# *
#.........# ,
**######.........# ,
...............# , ,
, ..............# *
##..........# * * *
#..........# * *
#..........##### * *
*
#.#@...........#,*##
#.#O##.#######.# . #
#.##.# #.# .## **
#(##.#** #.# ... ,
,* #(.,.. , #.#..#*
* #(# ##.####.#..##
, , * #(.,
............. * * ,
,.(>* ##.####.#..##
,, ,, ,,
#.####.#..#*


You could see a two-headed ogre (very poisoned).

Vanquished Creatures
  Sigmund (D:4)
  6 yaks (D:8)
  2 vampire mosquitoes (D:6)
  Edmund (D:5)
  2 water moccasins
  3 orc warriors
  2 ice beasts (D:5)
  3 sky beasts
  A black bear (D:7)
  2 ogres
  2 centaurs
  8 kobold brigands
  Blork the orc (D:4)
  A bullfrog (D:8)
  2 necrophages (D:6)
  2 scorpions (D:6)
  A killer bee (D:8)
  3 howler monkeys
  4 hounds
  2 jellies
  4 orc priests
  Jessica (D:2)
  An iguana (D:5)
  7 orc wizards
  A gnoll (D:5)
  6 adders
  A shadow imp (D:8)
  2 white imps (D:5)
  2 worms (D:3)
  4 dart slugs
  20 orcs
  7 bats
  4 endoplasms (D:1)
  2 giant cockroaches
  6 hobgoblins
  4 jackals (D:1)
  31 kobolds
  3 quokkas
  7 ball pythons
  4 frilled lizards
  2 goblins (D:3)
  11 rats
179 creatures vanquished.

Vanquished Creatures (collateral kills)
  A kobold brigand (Bailey)
1 creature vanquished.

Grand Total: 180 creatures vanquished

Notes
Turn   | Place    | Note
-------+----------+-------------------------------------------
     0 | D:1      | FlurksSlurper the Deep Dwarf Earth Elementalist began the
                  | quest for the Orb.
     0 | D:1      | Reached XP level 1. HP: 15/15 MP: 3/3
   216 | D:1      | You fall into a shaft and drop 1 floor!
   228 | D:2      | Reached XP level 2. HP: 16/22 MP: 1/5
   425 | D:2      | Found a faded altar of an unknown god.
   500 | D:1      | Reached XP level 3. HP: 7/28 MP: 3/6
  1258 | D:2      | Found a shimmering blue altar of Sif Muna.
  1322 | D:2      | Noticed Jessica
  1326 | D:2      | Reached skill level 5 in Earth Magic
  1332 | D:2      | Killed Jessica
  1333 | D:2      | Reached XP level 4. HP: 17/36 MP: 2/7
  1921 | D:3      | Found the +4 dagger "Morg" {pain, Will+ Int+5}
  2011 | D:3      | Found a sacrificial altar of Ru.
  2115 | D:3      | Noticed a sky beast
  2121 | D:3      | Killed a sky beast
  2122 | D:3      | Reached skill level 1 in Armour
  2122 | D:3      | Reached skill level 1 in Necromancy
  2122 | D:3      | Reached XP level 5. HP: 34/42 MP: 4/9
  2228 | D:3      | Noticed an ogre
  2236 | D:3      | Killed an ogre
  2237 | D:3      | Reached skill level 1 in Polearms
  2237 | D:3      | Reached skill level 6 in Earth Magic
  2237 | D:3      | Reached XP level 6. HP: 41/50 MP: 5/10
  2476 | D:3      | Found a stormy altar of Qazlal.
  2829 | D:4      | Noticed Blork the orc
  2837 | D:4      | Killed Blork the orc
  2919 | D:4      | Noticed Sigmund
  2927 | D:4      | Killed Sigmund
  2928 | D:4      | Reached XP level 7. HP: 21/56 MP: 10/12
  3000 | D:4      | Found a broken altar of Ashenzari.
  3436 | D:4      | Found a snail-covered altar of Cheibriados.
  3616 | D:5      | Entered Level 5 of the Dungeon
  3659 | D:5      | Reached skill level 7 in Earth Magic
  3678 | D:5      | Noticed Edmund
  3721 | D:5      | Killed Edmund
  3722 | D:5      | Reached skill level 1 in Short Blades
  3728 | D:5      | Reached skill level 1 in Fighting
  3797 | D:5      | Reached XP level 8. HP: 29/64 MP: 11/14
  4047 | D:5      | Found a hazy altar of Hepliaklqana.
  4163 | D:5      | Found an opulent altar of Gozag.
  4391 | D:6      | Found a shimmering blue altar of Sif Muna.
  4529 | D:6      | Reached skill level 5 in Spellcasting
  4529 | D:6      | Reached skill level 8 in Earth Magic
  4543 | D:6      | Identified the ring "Ticei" {+Blink Fly EV+4}
  4791 | D:6      | Reached skill level 1 in Throwing
  4791 | D:6      | Reached skill level 5 in Necromancy
  4917 | D:6      | Gained mutation: You passively map the area around you.
                  | [Deep Dwarf growth]
  4917 | D:6      | Reached XP level 9. HP: 68/70 MP: 15/17
  4929 | D:6      | Reached skill level 9 in Earth Magic
  5374 | D:7      | Found a staircase to the Ecumenical Temple.
  5379 | Temple   | Entered the Ecumenical Temple
  5684 | D:7      | Found an ancient bone altar of Kikubaaqudgha.
  6531 | D:8      | Reached skill level 5 in Armour
  6539 | D:8      | Found a flagged portal.
  6601 | D:8      | Found the +2 ratskin cloak {*Rats rPois rN+ Str-1 Int-1
                  | Dex+1}
  6640 | Bailey   | Entered a bailey
  6832 | Bailey   | Reached skill level 10 in Earth Magic
  6883 | Bailey   | Found a burning altar of Makhleb.
  6907 | Bailey   | Became a worshipper of Makhleb the Destroyer
  6965 | D:8      | Found a white marble altar of Elyvilon.
  7090 | D:8      | Reached skill level 1 in Evocations
  7097 | D:8      | Reached XP level 10. HP: 29/79 MP: 11/17
  7436 | D:9      | Noticed a two-headed ogre
  7443 | D:9      | HP: 3/80 [two-headed ogre/+0 giant club (15)]
  7443 | D:9      | Annihilated by a two-headed ogre

Illustrated notes

Levels and vault maps discovered:
D:1:      minmay_arrival_arboretum_small, layout_loops_ring,
          minmay_misc_feat_diagonals, minmay_hedge_maze,
          hangedman_abyss_or_decor_lesser_grid, hex_tiny, nrook_mini_vaults,
          minmay_misc_feat_five, minmay_surrounded
D:2:      minmay_door_path, layout_basic, basic_altar,
          nicolae_ecumenical_pavilion, grunt_ministairs_13, uniq_jessica
D:3:      layout_basic, nicolae_qazlal_eye_of_the_storm,
          mainiacjoe_overflow_tiny_flanked, minmay_misc_feat_doors,
          grunt_ministairs_1
D:4:      layout_cave_pods, bloody_makhleb, amcnicky_altar_gilded,
          mainiacjoe_overflow_paths, chequers_avenue, minmay_misc_feat_encased,
          uniq_blork_the_orc, uniq_sigmund
D:5:      minmay_skewed_foursquare, layout_basic,
          nicolae_overflow_hidden_temple, nzn_hepliaklqana_mist_gate,
          serial_shops, nicolae_square_shop, uniq_edmund
D:6:      layout_basic, old_standard_altar
D:7:      layout_basic, lemuel_round_altar, minmay_temple_entry_nine_rooms
D:8:      layout_rooms, marbit_many_paths, enter_bailey_2
D:9:      layout_loops_ring, xom_redecorated
Temple:   zaba_magenta_temple

Skill      XL: |  1  2  3  4  5  6  7  8  9 10 |
---------------+-------------------------------+-----
Spellcasting   | 2 3 4 5 6 |  6.5
Earth Magic    | 5 6 7 8 10 | 10.2
Armour         | 1 2 3 4 5 |  5.6
Necromancy     | 1 2 3 5 6 7 |  7.0
Polearms       | 1 |  1.0
Short Blades   | 1 2 |  2.2
Fighting       | 1 2 |  2.2
Dodging        | 3 |  3.5
Throwing       | 1 |  1.6
Stealth        | 3 4 |  4.3
Evocations     | 2 |  2.3
Axes           | |  0.9
Transmutations | |  0.8

Action                   |  1- 3 |  4- 6 |  7- 9 | 10-12 || total
-------------------------+-------+-------+-------+-------++-------
Melee: Spear             |    77 |    12 |       |       ||    89
       Dagger            |       |    18 |   152 |       ||   170
       Punch             |       |     1 |       |       ||     1
       Hand axe          |       |       |    35 |    14 ||    49
Throw: Dart              |     2 |    11 |    24 |     5 ||    42
 Cast: Sandblast         |    33 |    30 |   107 |    20 ||   190
 Abil: Heal Wounds       |     1 |     1 |     7 |       ||     9
       Evoke Blink       |       |       |     1 |       ||     1
Evoke: Wand              |       |       |     7 |       ||     7
  Use: Potion            |     1 |       |     7 |       ||     8
       Scroll            |       |     2 |     7 |       ||     9
 Stab: Sleeping          |     2 |       |       |       ||     2
       Paralysed         |       |       |     8 |       ||     8
Armor: Robe              |     1 |       |       |       ||     1
       Scale mail        |    49 |    14 |    82 |     6 ||   151
Dodge: Dodged            |    73 |    17 |   254 |    15 ||   359

Table legend: (Time is in decaauts)
 A = Elapsed time spent in this place.
 B = Non-inter-level travel time spent in this place.
 C = Inter-level travel time spent in this place.
 D = Time resting spent in this place.
 E = Time spent auto-exploring this place.
 F = Levels seen in this place.
 G = Mean time per level.
                   A        B        C        D        E       F      G
               +--------+--------+--------+--------+--------+-----+--------+
         Total |   7453 |   7161 |    292 |    121 |   5415 |  11 |  677.5 |
       Dungeon |   7029 |   6737 |    292 |    107 |   5329 |   9 |  781.0 |
        Temple |     94 |     94 |      0 |      0 |     49 |   1 |   94.0 |
        Bailey |    329 |    329 |      0 |     14 |     37 |   1 |  329.0 |
               +--------+--------+--------+--------+--------+-----+--------+

Top non-repeatable levels by time:
     D:7: 1200 daAuts
     D:2: 1024 daAuts
     D:3: 933 daAuts
     D:6: 880 daAuts
     D:1: 878 daAuts
     D:4: 785 daAuts
     D:5: 713 daAuts
     D:8: 566 daAuts
  Bailey: 329 daAuts
  Temple: 94 daAuts
     D:9: 47 daAuts
